AoeStats
← Eugenius

Black Forest

509293213Analyzed
4v4 RM · 7d ago on Sep 26, 2026· 47m 19s· 8 players
Game mode
Random Map
Map size
Large (8 player)
Population
200
Speed
Normal
Resources
Standard
Victory
Conquest
Starting age
Dark Age
Ending age
Imperial Age
RankedLock teamsTeams togetherTeam positionsShared explorationLock speedFull tech treeHidden civsTurbo modeCheats
Victory
Defeat
🇷🇺 Britons · Russia
1939
+10
1856
+13
🇨🇳 Vikings · China
1846
+13
🇨🇳 Koreans · China
1752
+17
🇻🇳 Tatars · Vietnam
1953
-19
🇨🇳 Slavs · China
1754
-12
🇭🇰 Danes · Hong Kong SAR China
1747
-12
🇨🇳 Celts · China
1698
-10
爱人跟人走
11:45 Feudal Age
12:28 Double-Bit Axe
15:18 Castle Age
13:14 Fishing Lines
16:24 Gillnets
16:58 Bow Saw
21:08 Loom
22:47 Gold Mining
22:40 Horse Collar
24:01 Heavy Plow
28:18 Imperial Age
26:52 Gold Shaft Mining
27:20 Stone Mining
27:33 Scale Mail Armor
28:27 Capped Ram
29:42 Chain Mail Armor
30:02 Forging
30:34 Conscription
29:59 Onager
30:26 Siege Ram
30:36 Elite Berserk
31:18 Chieftains
31:52 Plate Mail Armor
31:58 Iron Casting
31:14 Fletching
31:31 Squires
31:16 Arson
31:36 Caravan
32:07 Coinage
32:04 Siege Engineers
32:59 Siege Ram
34:18 Hoardings
34:46 Blast Furnace
33:42 Bodkin Arrow
34:28 Banking
39:05 Guard Tower
39:36 Ballistics
39:02 Arrowslits
39:19 Bracer
42:15 Chemistry
40:59 Treadmill Crane
46:23 Two-Man Saw
45:54 Crop Rotation
45:35 Town Watch
46:37 Town Patrol
mongo
0:36 Loom
11:49 Feudal Age
19:54 Double-Bit Axe
22:54 Castle Age
24:53 Bow Saw
29:05 Horse Collar
29:11 Fishing Lines
31:15 Gillnets
31:45 Fletching
35:25 Imperial Age
35:31 Bodkin Arrow
37:04 Shinkichon
37:37 Heavy Rocket Cart
38:24 Gold Mining
39:10 Masonry
39:23 Eupseong
39:46 Siege Engineers
40:41 Caravan
经典不变的回忆 | memory
10:47 Feudal Age
14:27 Castle Age
12:33 Double-Bit Axe
15:41 Bow Saw
16:11 Horse Collar
22:02 Loom
24:06 Heavy Plow
26:01 Wheelbarrow
25:46 Gold Mining
25:55 Loom
26:11 Man-at-Arms
27:04 Squires
30:48 Imperial Age
28:03 Pikeman
29:03 Scale Mail Armor
29:14 Forging
28:50 Halberdier
31:02 Gold Shaft Mining
30:19 Stone Mining
30:50 Hand Cart
30:53 Chain Mail Armor
30:13 Long Swordsman
30:38 Gambesons
32:04 Plate Mail Armor
31:13 Two-Handed Swordsman
32:53 Conscription
32:34 Champion
33:25 Arson
33:05 Capped Ram
34:10 Fereters
34:59 Coinage
37:04 Iron Casting
37:00 Banking
36:31 Caravan
38:25 Siege Ram
45:10 Town Watch
46:39 Blast Furnace
Eugenius
2:06 Loom
9:08 Feudal Age
9:10 Man-at-Arms
9:44 Double-Bit Axe
14:07 Wheelbarrow
17:21 Castle Age
16:00 Horse Collar
18:14 Bow Saw
23:57 Town Watch
31:09 Imperial Age
28:39 Gold Mining
29:26 Stone Mining
30:32 Hand Cart
30:22 Fletching
31:07 Bodkin Arrow
31:12 Padded Archer Armor
31:07 Bodkin Arrow
31:47 Padded Archer Armor
32:03 Bracer
32:25 Ballistics
32:36 Conscription
33:37 Chemistry
33:30 Yeomen
33:32 Leather Archer Armor
33:46 Elite Longbowman
37:01 Ring Archer Armor
36:48 Caravan
37:02 Guilds
40:29 Treadmill Crane
40:59 Masonry
42:24 Warwolf
42:30 Siege Engineers
42:56 Architecture
43:34 Two-Man Saw
43:46 Hoardings
44:44 Scale Barding Armor
44:49 Forging
III
0:36 Loom
9:21 Feudal Age
14:07 Double-Bit Axe
14:50 Horse Collar
20:11 Castle Age
24:29 Wheelbarrow
24:51 Bow Saw
26:23 Gold Mining
27:38 Stone Mining
31:20 Imperial Age
29:06 Hand Cart
29:35 Heavy Plow
30:11 Gold Shaft Mining
30:01 Scale Mail Armor
30:58 Chain Mail Armor
30:33 Man-at-Arms
31:53 Forging
31:27 Long Swordsman
32:38 Plate Mail Armor
32:30 Conscription
32:29 Two-Handed Swordsman
33:30 Forging
33:22 Druzhina
35:14 Two-Man Saw
33:48 Champion
34:45 Squires
35:21 Iron Casting
37:05 Blast Furnace
35:41 Capped Ram
37:04 Siege Ram
38:40 Caravan
42:00 Siege Engineers
42:43 Coinage
42:28 Heavy Scorpion
43:32 Ballistics
kibou
10:55 Feudal Age
14:47 Castle Age
12:55 Double-Bit Axe
15:43 Fishing Lines
16:44 Bow Saw
18:51 Gillnets
20:39 Horse Collar
24:04 Wheelbarrow
26:25 Hand Cart
29:45 Imperial Age
27:35 Heavy Plow
27:26 Man-at-Arms
27:51 Gambesons
27:52 Arson
28:21 Scale Mail Armor
29:04 Forging
28:36 Long Swordsman
29:38 Chain Mail Armor
31:03 Plate Mail Armor
31:09 Iron Casting
31:28 Coinage
30:30 Two-Handed Swordsman
30:36 Onager
31:22 Heavy Scorpion
32:27 Furor Celtica
32:21 Pikeman
35:03 Blast Furnace
34:39 Siege Engineers
34:36 Champion
36:33 Stronghold
36:37 Fletching
36:47 Padded Archer Armor
37:11 Ballistics
37:52 Chemistry
39:15 Bodkin Arrow
40:25 Leather Archer Armor
39:47 Capped Ram
40:36 Gold Mining
40:37 Stone Mining
40:49 Halberdier
41:53 Caravan
45:21 Conscription
45:03 Elite Woad Raider
幾花丹色™
11:00 Feudal Age
11:56 Double-Bit Axe
14:39 Castle Age
12:25 Fishing Lines
15:44 Bow Saw
17:44 Horse Collar
21:33 Wheelbarrow
20:44 Loom
26:58 Imperial Age
24:51 Gold Mining
26:40 Hand Cart
27:01 Onager
27:36 Elite Varangian Guard
28:23 Squires
27:46 Man-at-Arms
28:11 Gambesons
28:27 Squires
29:10 Gold Shaft Mining
28:33 Long Swordsman
29:20 Scale Mail Armor
29:31 Forging
29:16 Siege Onager
29:32 Two-Handed Swordsman
32:20 Conscription
31:25 Hamask
31:59 Pikeman
33:04 Chain Mail Armor
33:24 Iron Casting
32:47 Halberdier
33:50 Siege Engineers
34:14 Northmen's Fury
34:38 Champion
35:43 Capped Ram
36:52 Siege Ram
41:07 Plate Mail Armor
45:08 Caravan
saymynameBook
0:48 Loom
10:37 Feudal Age
11:36 Double-Bit Axe
13:11 Town Watch
20:47 Castle Age
19:10 Fishing Lines
21:40 Bow Saw
24:59 Wheelbarrow
25:25 Gillnets
32:24 Imperial Age
29:38 Horse Collar
30:47 Heavy Plow
32:26 Hand Cart
33:18 Timurid Siegecraft
33:29 Conscription
33:28 Siege Engineers
34:07 Fletching
34:17 Padded Archer Armor
34:09 Gold Mining
34:10 Stone Mining
35:06 Crop Rotation
35:06 Bodkin Arrow
35:22 Caravan
36:10 Bracer
37:24 Ballistics
38:05 Chemistry
38:15 Leather Archer Armor
38:17 Silk Armor
38:10 Heavy Cavalry Archer
39:22 Masonry
39:47 Husbandry
40:57 Gold Shaft Mining
40:59 Ring Archer Armor
40:41 Bloodlines
43:02 Scale Barding Armor
42:19 Light Cavalry
43:33 Elite Keshik
45:02 Chain Barding Armor
46:19 Plate Barding Armor
45:54 Forging
Connection lost

Rejoining the realm…

Still unreachable

The connection could not be restored.

Session expired

The server has moved on; the page needs a fresh start.